Map: 로스트 앤 파운드 - 래더

Players

Solar - Winner!

  • Race: Zerg Zerg
  • League: Platinum
  • Spawn Location: 1:00

SortOf

  • Race: Zerg Zerg
  • League: Master
  • Spawn Location: 7:00

Event: HomeStory Cup XVIII

VOD

Have the link to the VOD?

Description

Time

  • Played on: Nov. 23, 2018, 10:30 a.m.
  • Length: 7:43

All games in this series

Show
View Real Time Build Order
Export as new Build Order

Solar Zerg - Winner!

Build Orders: Hatch First 

Get SALT Encoding   

  12  0:01  Drone  
  13  0:12  Overlord  
  13  0:16  Drone  
  14  0:30  Drone x2  
  16  0:47  Hatchery  
  15  0:51  Drone  
  15  0:54  Drone  
  17  1:00  Drone  
  18  1:05  Extractor  
  17  1:13  Spawning Pool  
  17  1:16  Drone  
  17  1:20  Drone  
  18  1:28  Drone  
  19  1:39  Drone  
  20  1:49  Overlord  
  20  2:00  Queen x2  
  20  2:01  Drone x2  
  26  2:08  Metabolic Boost  
  26  2:10  Drone  
  26  2:12  Drone  
  28  2:22  Drone x2  
  30  2:33  Hatchery  
  30  2:36  Drone  
  30  2:39  Drone  
  31  2:44  Drone  
  31  2:47  Baneling Nest  
  31  2:53  Overlord  
  31  2:56  Drone x2  
  33  3:04  Zergling x2  
  34  3:06  Drone  
  34  3:10  Queen  
  34  3:11  Drone  
  34  3:12  Drone x3  
  41  3:14  Zergling x2  
  41  3:16  Zergling x2  
  41  3:19  Overlord  
  43  3:24  Drone  
  44  3:30  Evolution Chamber, Baneling  
  43  3:36  Drone  
  43  3:39  Drone x2  
  43  3:41  Drone x2  
  48  3:44  Extractor  
  48  3:46  Drone  
  48  3:47  Zergling x4  
  49  3:49  Lair  
  49  3:56  Zergling x2  
  49  3:57  Roach Warren, Zergling x4  
  51  4:04  Zergling x4  
  51  4:06  Overlord  
  53  4:13  Drone x2  
  53  4:14  Drone x2  
  53  4:15  Extractor  
  56  4:17  Overlord  
  56  4:19  Baneling  
  56  4:20  Drone x2, Baneling  
  56  4:21  Overlord  
  58  4:25  Zerg Melee Weapons Level 1  
  58  4:27  Drone  
  58  4:29  Drone x2  
  61  4:32  Drone  
  61  4:34  Drone  
  61  4:37  Drone x2  
  64  4:40  Drone x2  
  64  4:43  Drone x2  
  64  4:45  Extractor, Drone x2  
  68  4:54  Drone x2  
  68  4:56  Drone  
  68  4:57  Spire  
  68  4:59  Extractor  
  69  5:01  Drone x3  
  69  5:03  Drone  
  69  5:04  Drone x2  
  69  5:05  Extractor  
  69  5:06  Drone  
  75  5:08  Overlord  
  75  5:13  Zergling x2  
  76  5:16  Zergling x2  
  76  5:18  Overlord  
  76  5:22  Zergling x2  
  76  5:27  Drone x5  
  82  5:30  Zergling x2  
  82  5:31  Zergling x4  
  82  5:33  Overlord  
  82  5:34  Overlord x2  
  85  5:36  Zergling x2  
  84  5:45  Zergling x6  
  86  5:51  Zergling x4  
  86  5:56  Baneling x2  
  85  6:00  Spine Crawler  
  84  6:10  Mutalisk x2  
  84  6:11  Mutalisk x8  
  86  6:17  Mutalisk  
  99  6:24  Mutalisk  
  101  6:26  Overlord x3  
  101  6:32  Hatchery, Zergling x14  
  107  6:39  Mutalisk  
  107  6:42  Mutalisk  
  107  6:45  Zergling x2  
  108  6:51  Zergling x2  
  108  6:54  Mutalisk x2  
  109  6:57  Zergling x2  
  109  6:58  Zergling x4  
  109  7:00  Zergling x2  
  109  7:01  Zergling x4  
  119  7:07  Mutalisk x2  
  123  7:09  Zergling x2  
  123  7:12  Overlord  
  124  7:20  Zergling x10  
Show
View Real Time Build Order
Export as new Build Order

SortOf Zerg 

Build Orders: Hatch First, Zergling Baneling 

Get SALT Encoding   

  12  0:00  Drone  
  13  0:12  Overlord  
  13  0:17  Drone  
  14  0:31  Drone x2  
  16  0:47  Hatchery  
  15  0:50  Drone  
  15  0:54  Drone  
  17  0:57  Drone  
  18  1:08  Extractor  
  17  1:13  Spawning Pool  
  17  1:16  Drone  
  17  1:18  Drone  
  18  1:28  Drone  
  19  1:38  Drone  
  20  1:49  Overlord  
  20  1:59  Queen x2, Drone  
  20  2:00  Drone  
  26  2:10  Drone x2, Metabolic Boost  
  28  2:21  Drone  
  28  2:22  Drone  
  30  2:34  Hatchery, Zergling x2  
  30  2:36  Zergling x2  
  31  2:44  Baneling Nest  
  31  2:45  Drone  
  31  2:48  Overlord  
  31  2:54  Drone x2  
  33  3:01  Queen  
  33  3:03  Drone  
  36  3:09  Drone  
  36  3:10  Drone x2  
  39  3:13  Overlord  
  39  3:16  Zergling x2  
  39  3:18  Zergling x2  
  42  3:20  Drone  
  42  3:27  Baneling x2  
  42  3:28  Zergling x4  
  42  3:32  Drone  
  45  3:38  Drone x2  
  46  3:42  Drone x2, Evolution Chamber  
  46  3:43  Drone  
  46  3:45  Drone x2  
  46  3:46  Extractor  
  48  3:50  Zergling x4  
  48  3:51  Baneling x3  
  48  3:53  Zergling x2  
  48  3:54  Zergling x2  
  52  3:59  Overlord  
  52  4:01  Drone  
  52  4:02  Extractor  
  52  4:10  Drone x3  
  52  4:15  Drone x2  
  52  4:16  Drone  
  57  4:19  Drone x2  
  57  4:20  Drone x2  
  57  4:23  Zerg Missile Weapons Level 1  
  61  4:26  Overlord  
  61  4:31  Zergling x6  
  64  4:40  Drone x2  
  64  4:43  Lair  
  64  4:45  Drone x6  
  72  4:50  Drone  
  72  4:55  Baneling x2  
  72  4:56  Drone  
  72  4:57  Baneling  
  72  4:58  Overlord  
  72  4:59  Roach Warren  
  72  5:01  Extractor  
  72  5:02  Extractor  
  72  5:03  Drone x3  
  73  5:10  Pneumatized Carapace  
  73  5:14  Hatchery  
  72  5:18  Drone x4  
  72  5:19  Drone  
  77  5:22  Drone x2  
  77  5:23  Drone  
  77  5:26  Extractor, Drone x2  
  77  5:27  Drone  
  81  5:30  Overlord  
  81  5:32  Overlord  
  80  5:52  Roach x7  
  80  5:56  Drone x3  
  94  5:58  Roach  
  94  5:59  Glial Reconstitution  
  94  6:03  Drone  
  97  6:05  Overlord x2  
  97  6:07  Hydralisk Den  
  97  6:09  Roach  
  97  6:10  Overlord  
  97  6:13  Overlord  
  97  6:15  Queen  
  94  6:23  Roach  
  94  6:24  Overseer, Roach x6  
  108  6:26  Overseer  
  108  6:28  Queen  
  110  6:34  Roach x2  
  110  6:35  Drone, Roach  
  110  6:36  Extractor  
  115  6:41  Drone x3  
  115  6:42  Drone  
  115  6:45  Drone x3  
  120  6:49  Spore Crawler  
  120  6:51  Spore Crawler  
  120  6:53  Spore Crawler  
  117  6:56  Queen, Spore Crawler  
  117  6:59  Queen  
  117  7:06  Queen  
  117  7:08  Drone x2  
  117  7:11  Spore Crawler  
  117  7:15  Drone x3, Spore Crawler  
  114  7:16  Drone x2  
  114  7:17  Spore Crawler  
  114  7:18  Roach x2  
  121  7:24  Overlord  
  121  7:28  Drone x2, Spore Crawler  
  111  7:30  Drone  
  111  7:31  Spore Crawler  
  111  7:32  Spore Crawler  
Tags
 
Add a new tag
Caveats
  • Supply blocks, unpowered buildings, or Contaminate may cause inaccurate times.
  • Supply counts are checked every 10 seconds.